 Dungeon Crawl Stone Soup version 0.30.0-30-g96aa6591b8 (webtiles) character file.

Game seed: 16374785559606785484

1 7w4c the Chiller (level 1, 0/9 HPs)
             Began as a Vine Stalker Ice Elementalist on June 27, 2023.
             Slain by a frilled lizard (2 damage)
             ... on level 1 of the Dungeon.
             The game lasted 00:01:04 (104 turns).

7w4c the Chiller (Vine Stalker Ice Elementalist)     Turns: 104, Time: 00:01:04

Health: 0/9        AC:  2    Str: 10    XL:     1   Next: 20%
Magic:  0/4        EV: 12    Int: 15    God:
Gold:   6          SH:  0    Dex: 14    Spells: 3/4 levels left

rFire   . . .        (no weapon)
rCold   . . .        (no shield)
rNeg    . . .        a - +0 robe
rPois   .            (no helmet)
rElec   .            (no cloak)
rCorr   .            (no gloves)
SInv    .            (no boots)
Will    .....        (no amulet)
Stlth   ++           (no ring)
HPRegen 0.21/turn    (no ring)
MPRegen 0.09/turn

%: guardian spirit
@: no status effects
A: fangs 2, magic shield, antimagic bite, no potion heal 2
a: no special abilities


You were on level 1 of the Dungeon.
You visited 1 branch of the dungeon, and saw 1 of its levels.

You collected 6 gold pieces.

Inventory:

Armour
 a - a +0 robe (worn)
Potions
 b - a potion of magic
 d - a potion of attraction {unknown}


   Skills:
 + Level 1.5 Dodging
 + Level 2.4 Stealth
 + Level 2.2 Spellcasting
 + Level 4.0 Ice Magic


You had 3 spell levels left.
You knew the following spells:

 Your Spells              Type           Power      Damage    Failure   Level
a - Freeze                Ice            52%        1d6       4%          1

Your spell library contained the following spells:

 Spells                   Type           Power      Damage    Failure   Level
 Frozen Ramparts          Ice            26%        1d4       12%         3
 Ozocubu's Armour         Ice            13%        N/A       12%         3
 Summon Ice Beast         Ice/Summ       7%         N/A       67%         4


Dungeon Overview and Level Annotations

Branches:
Dungeon (1/15)

Altars:

Shops:
D:1 =


Innate Abilities, Weirdness & Mutations

You have extremely sharp teeth.
When hurt, damage is shared between your health and your magic reserves.
Your bite disrupts and absorbs the magic of your enemies.
Potions cannot restore your health.


Message History

Confirm with . or Enter, or press ? or * to list all spells.
You don't have enough magic to cast this spell.
You don't have enough magic to cast this spell.
The kobold hits you with a +0 dagger. The kobold attacks as you move away!
The kobold hits you with a +0 dagger. The kobold hits you with a +0 dagger.
The kobold attacks as you move away! The kobold barely misses you.
You open the door. The kobold closely misses you.
The kobold closely misses you.
There is an open door here.
The kobold attacks as you move away! The kobold hits you with a +0 dagger.
As you read the scroll labelled VICOHU BUNISIV, it crumbles to dust.
You feel strangely unstable.
It was a scroll of teleportation.
The kobold hits you with a +0 dagger. The kobold hits you but does no damage.
Your surroundings suddenly seem different.
Found a metallic brown potion and 2 bubbling silvery potions.
Found Ruesupp's Jewellery Boutique.
Found an escape hatch in the floor.
A kobold is nearby!
The kobold shouts!
The endoplasm quivers.
A frilled lizard comes into view.
The kobold drinks a potion.
The kobold flickers and vanishes!
Deactivating autopickup; reactivate with Ctrl-A.
Found 13 gold pieces.
The kobold shouts!
You barely miss the kobold. The kobold barely misses you. Something hits you.
The kobold hits you but does no damage. Something hits you but does no damage.
The kobold hits you but does no damage.
You hit the endoplasm but do no damage. Your bite misses the endoplasm.
The kobold barely misses you. Something hits you. The endoplasm hits you.
The endoplasm freezes you.
You are frozen.
* * * LOW HITPOINT WARNING * * *
Something hits you. The kobold hits you with a +0 dagger.
* * * LOW HITPOINT WARNING * * *
The endoplasm hits you. Something hits you but does no damage.
The frilled lizard bites you.
You die...

........#...# ###
#.....###'### #...#
#.....#..## #...#####.
....###'#+# #.$.#.....
#####..##...#######.........
..###'#+ #.........#.......
#.#<..# #.....∩#.......
..###+# #.KJl..........
#...# #..@....#...
###.###+#+ #.....!.# ##
#..##..## #.......#.###
##.####K######.........# #.#
#J..# #...##!#.#.#
#.######.# #......#.#
#........#.....#... #
###.###.....##.##.##
#.##..###.# #.#


You could see an endoplasm, a kobold (resistant) and a frilled lizard.

Vanquished Creatures
  A quokka (D:1)
1 creature vanquished.

Notes
Turn   | Place    | Note
-------+----------+-------------------------------------------
     0 | D:1      | 7w4c the Vine Stalker Ice Elementalist began the quest for
                  | the Orb.
     0 | D:1      | Reached XP level 1. HP: 9/9 MP: 4/4
    78 | D:1      | Found Ruesupp's Jewellery Boutique.
   104 | D:1      | Slain by a frilled lizard

Illustrated notes

Levels and vault maps discovered:
D:1:      erik_arrival_triangle_medium, layout_basic, serial_shops, shop,
          palyth_stone_intersect, minmay_bisected

Action                     || total
---------------------------++-------
  Melee: Unarmed           ||     2
   Cast: Freeze            ||     3
    Use: Scroll            ||     1
 Armour: Robe              ||     6
  Dodge: Dodged            ||     8
